 Dungeon Crawl Stone Soup version 0.29-a0-284-gf9362112df (webtiles) character file.

Game seed: 7556303398236841438

12255 spaghetti the Thaumaturge (level 12, 0/70 HPs)
             Began as a Djinni Summoner on Mar 29, 2022.
             Was an Elder of Nemelex Xobeh.
             Slain by a jumping spider (6 damage)
             ... on level 2 of the Lair of Beasts.
             The game lasted 00:19:56 (8919 turns).

spaghetti the Thaumaturge (Djinni Summoner)         Turns: 8919, Time: 00:19:56

Health: 0/70       AC: 11    Str:  7    XL:     12   Next: 17%
Gold:   971        EV: 12    Int: 28    God:    Nemelex Xobeh [****..] SH:  0 Dex: 14

rFire   + + .      SeeInvis .   j - +0 dagger (venom) {short}
rCold   x x .      Faith    +   (no shield)
rNeg    + + +      Spirit   .   F - +0 steam dragon scales
rPois   ∞          Reflect  .   J - +0 helmet
rElec   .          Harm     .   S - +0 cloak
rCorr   +          Rampage  .   (no gloves)
Will    +....                   (boots unavailable)
Stlth   ++........              X - amulet of faith {!P}
HPRegen 0.21/turn               c - ring "Icvaonki" {Wiz rC- rN+++ rCorr Int+6}
MPRegen 0.00/turn               l - +4 ring of protection

@: flying
A: sickness immunity, fire resistance 2, cold vulnerability 1, float, innate
caster, HP casting, extra vitality 1
a: Renounce Religion, Draw Escape, Draw Destruction, Draw Summoning, Draw Stack,
Triple Draw, Deal Four


You were on level 2 of the Lair of Beasts.
You worshipped Nemelex Xobeh.
Nemelex Xobeh was greatly pleased with you.
You visited 2 branches of the dungeon, and saw 12 of its levels.
You also visited: Bailey.

You collected 971 gold pieces.


Innate Abilities, Weirdness & Mutations

You are immune to sickness and miasma.
You are immune to poison.
Your flesh is very heat resistant. (rF++)
You are vulnerable to cold. (rC-)
You float through the air rather than walking.
You learn spells naturally, not from books.
Your magical power is your life essence.
You have superior vitality. (+4 MHP)


   Skills:
 - Level 2.1 Dodging
 - Level 1.5 Stealth
 * Level 12.3 Spellcasting
 + Level 10.7 Invocations


You had 8 spell levels left.
You knew the following spells:

 Your Spells              Type           Power      Damage    Failure   Level
a - Summon Small Mammal   Summ           100%       N/A       0%          1
b - Call Imp              Summ           72%        N/A       1%          2
c - Call Canine Familiar  Summ           72%        N/A       1%          3
d - Summon Guardian Gole  Hex/Summ       72%        N/A       1%          3
e - Summon Lightning Spi  Summ/Air       72%        N/A       1%          4
f - Freeze                Ice            100%       1d11      0%          1
g - Ensorcelled Hibernat  Hex/Ice        100%       N/A       1%          2
h - Confusing Touch       Hex            72%        N/A       1%          3
i - Airstrike             Air            36%        N/A       1%          4
j - Ice Form              Ice/Tmut       72%        N/A       1%          4
Your spell library was empty.

Inventory:

Hand Weapons
 b - a +0 club {mace}
   (You took it off a goblin on level 1 of the Dungeon)
 i - a +0 dagger {short}
   (You found it on level 1 of the Dungeon)
 j - a +0 dagger of venom (weapon) {short}
   (You found it on level 1 of the Dungeon)
 z - a +2 scythe of venom {polearm}
   (You took it off Sigmund on level 2 of the Dungeon)
Missiles
 e - 268 stones {throwing}
 t - 28 poisoned darts {throwing}
 M - 22 boomerangs {throwing}
 N - 15 curare-tipped darts {=fthrowing}
 O - 8 atropa-tipped darts {throwing}
Armour
 a - a +0 robe
 F - +0 steam dragon scales (worn)
   (You found it on level 6 of the Dungeon)
 J - a +0 helmet (worn)
   (You found it on level 8 of the Dungeon)
 P - the +1 plate armour of Nemelex Xobeh's Regard {rF+ Int+6}
   (You took it off an orc warrior in a bailey)

   Int:       It affects your intelligence (+6).
   rF:        It protects you from fire.
 S - a +0 cloak (worn)
   (You found it on level 9 of the Dungeon)
Magical Staves
 R - a staff of conjuration {!a@e2staff}
   (You found it on level 9 of the Dungeon)
 W - a staff of death {!astaff}
   (You found it on level 11 of the Dungeon)
Jewellery
 c - the ring "Icvaonki" (left hand) {Wiz rC- rN+++ rCorr Int+6}
   (You acquired it on level 2 of the Dungeon)

   [ring of wizardry]

   It improves your spell success rate.
   Int:       It affects your intelligence (+6).
   rC:        It makes you vulnerable to cold.
   rN:        It renders you almost immune to negative energy.
   rCorr:     It protects you from acid and corrosion.
 d - a +4 ring of slaying
   (You found it on level 1 of the Dungeon)
 g - an amulet of regeneration {@e2}
   (You found it on level 1 of the Dungeon)
 l - a +4 ring of protection (right hand)
   (You found it on level 1 of the Dungeon)
 n - an amulet of the acrobat
   (You found it on level 1 of the Dungeon)
 G - a +6 ring of strength
   (You found it on level 6 of the Dungeon)
 U - a ring of fire
   (You found it on level 10 of the Dungeon)
 V - a ring of magical power
   (You took it off an orc on level 11 of the Dungeon)
 X - an amulet of faith (around neck) {!P}
   (You found it on level 1 of the Lair of Beasts)
Wands
 u - a wand of iceblast (18)
   (You found it on level 2 of the Dungeon)
 y - a wand of digging (4)
   (You took it off Sigmund on level 2 of the Dungeon)
 L - a wand of paralysis (13)
   (You found it on level 8 of the Dungeon)
Scrolls
 f - 2 scrolls of enchant weapon
 h - a scroll of holy word {unknown}
 m - 4 scrolls of vulnerability {!r!r}
 p - a scroll of torment {!r}
 q - 3 scrolls of blinking {!r}
 w - 7 scrolls of teleportation {@r4}
 A - 3 scrolls of noise {!r}
 B - 3 scrolls of magic mapping {!r}
 C - 2 scrolls of fog
 D - a scroll of enchant armour
 I - a scroll of fear
 Y - a scroll of identify {@r1}
Potions
 k - 2 potions of resistance {unknown}
 o - 4 potions of haste {@q3}
 r - 7 potions of degeneration {!q@e2}
 s - 3 potions of cancellation {unknown}
 v - 4 potions of lignification {unknown}
 x - 3 potions of heal wounds {unknown}
 E - 4 potions of mutation {unknown}
 H - 2 potions of berserk rage {unknown}
 K - 2 potions of curing {unknown}
 T - 2 potions of flight {unknown}
Miscellaneous
 Q - a box of beasts
   (You found it in a bailey)

Dungeon Overview and Level Annotations

Branches:
Dungeon (11/15)            Temple (0/1) D:5            Lair (2/6) D:11
    Orc (0/2) D:10         Bailey (visited)
  Swamp: Lair:2-4    Shoals: Lair:2-4     Snake: Lair:2-4    Spider: Lair:2-4

Altars:
Nemelex Xobeh
Qazlal
The Shining One

Shops:
D:2 (

Annotations:
D:11 exclusion: door

#........ #..$....# .##
####.....#.##.)#
........†.....# ....
#.......=# .# .....
#.#...#..# .### .....
#.##.##..# ...#... .....#
##.##s###Y##......Y
....P##..#@#.Y....##
.........###..#.#.P####.P#
####...#######.#.........
#..## #..#.##P.#P##
#...######...## ###
#....P##YP..##
#..<........#
.........########
.#.##.#.##


You could see a jumping spider (misshapen).


Message History

The elephant tramples you but does no damage.
The elephant misses you. The elephant attacks as you move away!
The elephant tramples you.
* * * LOW HITPOINT WARNING * * *
The elephant trunk-slaps you but does no damage. 😱 HP[-2]
You take 2 damage, and now have 10/70 hp.
The elephant attacks as you move away!
The elephant tramples you but does no damage.
The elephant trunk-slaps you but does no damage.
You deal a card...
You have dealt the Tomb.
Walls emerge from the floor!
You deal a card...
You have dealt the Elixir.
You begin rapidly regenerating health and magic.
You deal a card...
You have dealt Velocity.
The elephant seems to slow down. x2
You deal a card...
You have dealt Velocity.
The elephant seems to slow down. x2 😱 HP[-1]
You take 1 damage, and now have 9/70 hp.
You deal a card...
You have dealt Degeneration.
The elephant evaporates and reforms as a yaktaur!
The yaktaur twists and deforms.
The elephant evaporates and reforms as a yaktaur!
The yaktaur twists and deforms.
The elephant evaporates and reforms as a glowing shapeshifter!
The glowing shapeshifter twists and deforms.
You deal a card...
You have dealt the Orb.
Press: ? - help, Shift-Dir - straight line, f - glowing shapeshifter, p - yaktaur
Aim: a glowing shapeshifter (misshapen and mutated)
Your orb of destruction hits a rock wall.
You deal a card...
You have dealt the Storm.
A mighty gale blasts forth from the card!
The glowing shapeshifter is blown away by the wind.
The electrical discharge engulfs the glowing shapeshifter!!!
You feel a bit more experienced.
The electrical discharge engulfs the glowing shapeshifter!!
You kill the glowing shapeshifter!
The elephant returns to its original shape as it dies.
The electrical discharge engulfs the yaktaur!!!
You hear cataclysmic peals of thunder!
You deal a card...
You have dealt Degeneration.
The yaktaur evaporates and reforms as a human!
The human twists and deforms.
You hear a howl!
The human hits you but does no damage.
Unknown command.
Unknown command.
Casting: Summon Lightning Spire (safe; 1% risk of failure)
Confirm with . or Enter, or press ? or * to list all spells.
Aiming: Airstrike (safe; 1% risk of failure)
Press: ? - help, Dir - move target, f - human
Aim: a human (severely wounded, misshapen and mutated, empty space bonus: 2/8)
The air twists around and strikes the human!
You kill the human!
The elephant returns to its original shape as it dies.
* * * LOW HITPOINT WARNING * * *
😱 HP[+3]
You regained 3 hp, and now have 12/70 hp.
You deal a card...
You have dealt Wild Magic.
Nothing appears to happen.
You deal a card...
You have dealt Vitriol.
Press: ? - help, Shift-Dir - straight line, f - elephant
Aim: an elephant The bolt of acid hits the elephant!
The acid corrodes the elephant!
You deal a card...
You have dealt Pain.
Press: ? - help, Shift-Dir - straight line, f/p - elephant
Aim: an elephant (moderately wounded, covered in acid)
The bolt of negative energy hits the elephant!!
The elephant is drained!
You deal a card...
You have dealt Vitriol.
Press: ? - help, Shift-Dir - straight line, f/p - elephant
Aim: an elephant (severely wounded, covered in acid, lightly drained)
The glob of acid hits the elephant!!
The elephant seems to be corroded for longer.
You kill the elephant! 😱 HP[-1]
You take 1 damage, and now have 11/70 hp.
You start resting.
An elephant is nearby! 😱 HP[+1]
You draw a card...
You have drawn Degeneration.
The elephant evaporates and reforms as a jumping spider!
The jumping spider twists and deforms.
The jumping spider barely misses you. The jumping spider bites you.
* * * LOW HITPOINT WARNING * * *
😱 HP[-4]
You take 4 damage, and now have 8/70 hp.
You draw... (choose one card, ? for their descriptions) a - Wild Magic b - Wild Magic c - Vitriol You have drawn Wild Magic.
The jumping spider is blasted with magical energy.
You feel a surge of magic.
You can no longer stack cards.
The jumping spider pounces on you but does no damage.
The jumping spider bites you but does no damage.
The jumping spider pounces on you.
You die...
Your body disappears without a glow.

Skill      XL: |  1  2  3  4  5  6  7  8  9 10 11 |
---------------+----------------------------------+-----
Spellcasting   | 4 5 6 7 8 10 12 | 12.3
Invocations    | 2 3 4 5 7 8 10 | 10.7
Dodging        | |  2.1
Stealth        | |  1.5

Action                   |  1- 3 |  4- 6 |  7- 9 | 10-12 || total
-------------------------+-------+-------+-------+-------++-------
Melee: Unarmed           |     9 |       |       |       ||     9
       Dagger            |    36 |    29 |    43 |     6 ||   114
       Punch             |       |     1 |     2 |       ||     3
 Cast: Summon Small Mamm |    24 |     1 |     2 |     4 ||    31
       Call Canine Famil |     1 |     5 |     2 |       ||     8
       Summon Guardian G |     1 |     3 |     3 |       ||     7
       Call Imp          |     1 |       |     2 |       ||     3
       Summon Lightning  |       |     2 |    17 |     5 ||    24
       Ensorcelled Hiber |       |     1 |       |       ||     1
       Airstrike         |       |       |    37 |   207 ||   244
Invok: Draw Stack        |       |       |       |     3 ||     3
       Draw Summoning    |       |       |       |     2 ||     2
       Stack Five        |       |       |       |     1 ||     1
       Deal Four         |       |       |       |     3 ||     3
       Triple Draw       |       |       |       |     1 ||     1
       Draw Destruction  |       |       |       |     1 ||     1
  Use: Scroll            |       |     2 |       |     9 ||    11
 Stab: Sleeping          |       |     3 |     1 |       ||     4
Armor: Robe              |    24 |    11 |    13 |       ||    48
       Steam dragon scal |       |       |       |    62 ||    62
Dodge: Dodged            |    54 |    18 |    20 |    63 ||   155

Levels and vault maps discovered:
D:1:      co_arrival_hall_of_pillars, layout_basic,
          hellmonk_ecumenical_altar_lost_god
D:2:      layout_basic, serial_shops, shop, basic_altar,
          minmay_misc_feat_encased, minmay_tromino_v4_b, uniq_sigmund,
          uniq_terence
D:3:      layout_basic
D:5:      layout_loops_ring, minmay_temple_entry_waves
D:6:      layout_layer_cave, nicolae_figureground_sparkle, uniq_edmund
D:7:      layout_rooms
D:8:      layout_layer_cave, minmay_bent
D:9:      layout_big_octagon, mainiacjoe_overflow_alcove_2, enter_bailey_5
D:10:     layout_small_grid, erik_orc_1
D:11:     layout_long_grid, minmay_lair_entry_lava, special_room
          [special_room_orc], serial_shops, nicolae_diamond_shop,
          hangedman_incinerator
Lair:1:   layout_gridlike, st_stairs_4
Lair:2:   layout_loops_ring, nicolae_swamp_entry_splash_gauntlet

Notes
Turn   | Place    | Note
-------+----------+-------------------------------------------
     0 | D:1      | spaghetti the Djinni Summoner began the quest for the Orb.
     0 | D:1      | Reached XP level 1. HP: 15/15 MP: 0/0
     0 | D:1      | magus.rc [v1.9.6]
   222 | D:1      | Found a faded altar of an unknown god.
   240 | D:1      | Reached XP level 2. HP: 19/21 MP: 0/0
   240 | D:1      | Prayed at the altar of an unknown god.
   240 | D:1      | Became a worshipper of Nemelex Xobeh the Trickster
   240 | D:1      | Reached * piety under Nemelex Xobeh
   370 | D:1      | Received a gift from Nemelex Xobeh
   857 | D:2      | Found a stormy altar of Qazlal.
   899 | D:2      | Reached XP level 3. HP: 25/25 MP: 0/0
   899 | D:2      | Learned a level 1 spell: Freeze
  1005 | D:2      | Reached skill level 4 in Spellcasting
  1019 | D:2      | Noticed Sigmund
  1034 | D:2      | Killed Sigmund
  1035 | D:2      | Reached skill level 2 in Invocations
  1035 | D:2      | Reached XP level 4. HP: 31/31 MP: 0/0
  1035 | D:2      | Reached XP level 5. HP: 35/35 MP: 0/0
  1035 | D:2      | Learned a level 2 spell: Ensorcelled Hibernation
  1035 | D:2      | Reached XP level 6. HP: 40/40 MP: 0/0
  1042 | D:2      | Identified a scroll of acquirement
  1042 | D:2      | Acquired the ring "Icvaonki" {Wiz rC- rN+++ rCorr Int+6}
  1050 | D:2      | Reached ** piety under Nemelex Xobeh
  1095 | D:2      | Received a gift from Nemelex Xobeh
  1154 | D:2      | Noticed Terence
  1167 | D:2      | Killed Terence
  1168 | D:2      | Reached skill level 5 in Spellcasting
  1183 | D:2      | Found Vohog's Weapon Boutique.
  1572 | D:3      | You are sucked into a shaft and drop 2 floors!
  1572 | D:5      | Entered Level 5 of the Dungeon
  1579 | D:5      | Noticed a hornet
  1591 | D:5      | Killed a hornet
  1592 | D:5      | Reached skill level 3 in Invocations
  1592 | D:5      | Reached XP level 7. HP: 22/45 MP: 0/0
  1592 | D:5      | Learned a level 3 spell: Confusing Touch
  1597 | D:5      | Found a staircase to the Ecumenical Temple.
  1775 | D:5      | Reached skill level 6 in Spellcasting
  1776 | D:5      | Reached skill level 4 in Invocations
  1928 | D:5      | Reached XP level 8. HP: 46/50 MP: 0/0
  2346 | D:6      | Reached skill level 5 in Invocations
  2472 | D:6      | Reached skill level 7 in Spellcasting
  2493 | D:6      | Noticed a yak
  2493 | D:6      | Noticed a yak
  2499 | D:6      | Noticed a yak
  2499 | D:6      | Noticed a yak
  2501 | D:6      | Killed a yak
  2503 | D:6      | Killed a yak
  2504 | D:6      | Reached XP level 9. HP: 50/55 MP: 0/0
  2504 | D:6      | Learned a level 4 spell: Airstrike
  2510 | D:6      | Reached skill level 6 in Invocations
  2512 | D:6      | Reached skill level 8 in Spellcasting
  3008 | D:6      | Noticed Edmund
  3012 | D:6      | Killed Edmund
  3216 | D:6      | Reached *** piety under Nemelex Xobeh
  3576 | D:7      | Reached skill level 7 in Invocations
  3639 | D:7      | Reached XP level 10. HP: 43/60 MP: 0/0
  3687 | D:7      | Reached skill level 9 in Spellcasting
  4437 | D:8      | Reached skill level 8 in Invocations
  4611 | D:8      | Received a gift from Nemelex Xobeh
  4709 | D:8      | Noticed an eight-headed hydra
  4714 | D:8      | Killed an eight-headed hydra
  4715 | D:8      | Reached skill level 10 in Spellcasting
  4768 | D:8      | Reached **** piety under Nemelex Xobeh
  5132 | D:8      | Received a gift from Nemelex Xobeh
  5392 | D:9      | Found a flagged portal.
  5566 | Bailey   | Entered a bailey
  5707 | Bailey   | Identified the +1 plate armour of Nemelex Xobeh's Regard
                  | {rF+ Int+6}
  5780 | Bailey   | Found a burning altar of Makhleb.
  5902 | D:9      | Found a glowing golden altar of the Shining One.
  6090 | D:9      | Reached XP level 11. HP: 59/65 MP: 0/0
  6090 | D:9      | Learned a level 4 spell: Ice Form
  6175 | D:9      | Received a gift from Nemelex Xobeh
  6385 | D:10     | Entered Level 10 of the Dungeon
  6465 | D:10     | Reached skill level 9 in Invocations
  6673 | D:10     | Reached ***** piety under Nemelex Xobeh
  6733 | D:10     | Received a gift from Nemelex Xobeh
  6990 | D:10     | Found a staircase to the Orcish Mines.
  7025 | D:10     | Reached skill level 11 in Spellcasting
  7421 | D:11     | Noticed a cyclops
  7425 | D:11     | Killed a cyclops
  7537 | D:11     | HP: 13/65 [fire bat (1)]
  7664 | D:11     | Received a gift from Nemelex Xobeh
  7769 | D:11     | Found a staircase to the Lair.
  7770 | D:11     | Noticed a fire dragon
  7777 | D:11     | Killed a fire dragon
  7778 | D:11     | Reached skill level 10 in Invocations
  7816 | Lair:1   | Entered Level 1 of the Lair of Beasts
  8148 | Lair:1   | Received a gift from Nemelex Xobeh
  8453 | Lair:1   | Reached skill level 12 in Spellcasting
  8453 | Lair:1   | Reached XP level 12. HP: 59/70 MP: 0/0
  8903 | Lair:2   | HP: 13/70 [elephant (14)]
  8910 | Lair:2   | HP: 10/70 [elephant (2)]
  8918 | Lair:2   | HP: 8/70 [jumping spider (4)]
  8919 | Lair:2   | Slain by a jumping spider

Vanquished Creatures
  A fire dragon (D:11)
  A hydra (D:8)
  A glowing shapeshifter (Lair:2)
  A cyclops (D:11)
  An elephant (Lair:2)
  A cane toad (Lair:1)
  A gargoyle (D:10)
  A yaktaur (Lair:2)
  2 komodo dragons (Lair:1)
  3 hornets
  A troll (D:10)
  4 yaks
  A human (Lair:2)
  3 fire bats (D:11)
  4 steam dragons
  Edmund (D:6)
  An acid dragon (D:10)
  4 water moccasins
  A hell hound (D:11)
  A black bear (D:6)
  3 orc warriors
  A swamp drake (D:10)
  4 ice beasts
  3 centaurs
  An ogre (D:10)
  7 kobold brigands
  2 phantoms
  5 bullfrogs
  3 scorpions
  A necrophage (D:7)
  4 killer bees (D:9)
  A howler monkey (D:7)
  2 lava snakes (D:11)
  A gnoll shaman (D:8)
  6 orc priests
  A jelly (D:8)
  3 iguanas
  5 orc wizards
  4 adders
  A shadow imp (D:8)
  A worm (D:2)
  24 orcs
  5 bats
  2 endoplasms (D:2)
  4 giant cockroaches
  7 goblins
  2 hobgoblins
  2 quokkas
  A ball python (D:1)
  14 kobolds
  2 fire vortices (D:11)
  A fungus (Lair:2)
157 creatures vanquished.

Vanquished Creatures (collateral kills)
  Sigmund (D:2)
  4 yaks (D:6)
  5 fire bats
  2 orc warriors (Bailey)
  A black bear (D:5)
  An ice beast (D:5)
  A phantom (D:5)
  An orc priest (D:5)
  2 jellies
  5 iguanas
  An orc wizard (D:5)
  Terence (D:2)
  4 gnolls (D:5)
  8 orcs (D:5)
  An endoplasm (D:2)
  3 goblins
  3 ball pythons
  A bat (D:2)
  A rat (D:2)
46 creatures vanquished.

Vanquished Creatures (others)
  4 fungi
4 creatures vanquished.

Grand Total: 207 creatures vanquished

Table legend:
 A = Non-vault XP
 B = Vault XP
 C = Vault XP percentage of total XP
 D = Non-vault monster count
 E = Vault monster count
 F = Vault count percentage of total count
                 A         B        C        D         E       F
            +---------+---------+-------+---------+---------+-------
      Total |   12847 |    4661 |  26.6 |     143 |      57 |  28.5
            +---------+---------+-------+---------+---------+-------
        D:1 |      22 |       0 |   0.0 |      12 |       0 |   0.0
        D:2 |      57 |     286 |  83.4 |      19 |       4 |  17.4
        D:5 |    1096 |       0 |   0.0 |      26 |       0 |   0.0
        D:6 |    1843 |     171 |   8.5 |      20 |       1 |   4.8
        D:7 |     849 |       0 |   0.0 |      11 |       0 |   0.0
        D:8 |    1322 |     502 |  27.5 |       5 |       6 |  54.5
        D:9 |     615 |       8 |   1.3 |      15 |       4 |  21.1
       D:10 |    2279 |     577 |  20.2 |      14 |      17 |  54.8
       D:11 |     769 |    1970 |  71.9 |       6 |       8 |  57.1
     Lair:1 |    2428 |     142 |   5.5 |      11 |       1 |   8.3
     Lair:2 |    1567 |       0 |   0.0 |       4 |       0 |   0.0
     Bailey |       0 |    1005 | 100.0 |       0 |      16 | 100.0
            +---------+---------+-------+---------+---------+-------

Illustrated notes

Table legend:
 A = Kills in this place as a percentage of kills in entire the game.
 B = Kills by you in this place as a percentage of kills by you in the entire game.
 C = Kills by friends in this place as a percentage of kills by friends in the entire game.
 D = Other kills in this place as a percentage of other kills in the entire game.
 E = Experience gained in this place as a percentage of experience gained in the entire game.
 F = Experience gained in this place divided by the number of levels of this place that you have seen.
                   A       B       C       D       E      F
               +-------+-------+-------+-------+-------+----------------------
         Total | 100.0 | 100.0 | 100.0 |   N/A | 100.0 | 1346.8
       Dungeon |  84.0 |  83.1 |  87.0 |   N/A |  70.6 | 1236.6
          Lair |   8.0 |   7.8 |   8.7 |   N/A |  23.6 | 2068.5
        Bailey |   8.0 |   9.1 |   4.3 |   N/A |   5.7 | 1005.0
               +-------+-------+-------+-------+-------+----------------------

Table legend: (Time is in decaauts)
 A = Elapsed time spent in this place.
 B = Non-inter-level travel time spent in this place.
 C = Inter-level travel time spent in this place.
 D = Time resting spent in this place.
 E = Time spent auto-exploring this place.
 F = Levels seen in this place.
 G = Mean time per level.
                   A        B        C        D        E       F      G
               +--------+--------+--------+--------+--------+-----+--------+
         Total |   8918 |   8660 |    258 |    778 |   6702 |  13 |  686.0 |
       Dungeon |   7561 |   7321 |    240 |    481 |   5854 |  10 |  756.1 |
          Lair |   1102 |   1085 |     17 |    209 |    765 |   2 |  551.0 |
        Bailey |    253 |    253 |      0 |     88 |     83 |   1 |  253.0 |
               +--------+--------+--------+--------+--------+-----+--------+

Top non-repeatable levels by time:
     D:8: 1252 daAuts
     D:6: 1222 daAuts
  Lair:1: 1042 daAuts
    D:10: 886 daAuts
     D:9: 852 daAuts
     D:2: 811 daAuts
     D:5: 751 daAuts
     D:1: 742 daAuts
     D:7: 553 daAuts
    D:11: 473 daAuts
  Bailey: 253 daAuts
  Lair:2: 59 daAuts
     D:3: 14 daAuts
